Map: Automaton LE

Players

HeroMarine - Winner!

  • Race: Terran Terran
  • League: Master
  • Spawn Location: 9:00

Serral

  • Race: Zerg Zerg
  • League: Master
  • Spawn Location: 3:00

Event: 2019 WCS Winter Europe

VOD

Have the link to the VOD?

Description

Time

  • Played on: March 23, 2019, 10:31 a.m.
  • Length: 14:05

All games in this series

Show
View Real Time Build Order
Export as new Build Order

HeroMarine Terran - Winner!

Build Orders: Liberator Opening, Reaper Expand, Mech 

Get SALT Encoding   

  12  0:00  SCV  
  13  0:12  SCV  
  14  0:17  Supply Depot  
  14  0:24  SCV  
  15  0:39  SCV  
  15  0:40  Barracks  
  16  0:44  Refinery  
  16  0:51  SCV  
  17  1:03  SCV  
  18  1:15  SCV  
  19  1:27  Reaper, Orbital Command  
  20  1:42  Command Center  
  20  1:53  SCV, Supply Depot  
  21  1:59  Marine  
  22  2:05  SCV  
  23  2:14  Factory  
  23  2:17  SCV  
  23  2:22  Barracks Reactor  
  24  2:29  SCV  
  25  2:34  Refinery  
  25  2:41  SCV  
  26  2:53  SCV  
  26  2:54  Orbital Command  
  27  3:00  Starport  
  27  3:05  SCV, Hellion x2  
  31  3:12  Barracks Tech Lab  
  31  3:18  SCV  
  32  3:20  SCV  
  32  3:24  Liberator  
  32  3:26  Hellion x2  
  37  3:30  SCV  
  37  3:33  SCV  
  39  3:34  Supply Depot  
  39  3:41  Marine  
  43  3:43  SCV  
  43  3:45  SCV  
  45  3:55  SCV  
  46  3:58  SCV, Supply Depot  
  46  4:00  Hellion  
  49  4:06  Hellion  
  49  4:07  SCV, Liberator  
  52  4:11  SCV  
  52  4:14  Armory  
  53  4:19  SCV  
  53  4:22  Supply Depot  
  53  4:23  SCV  
  59  4:31  SCV  
  59  4:35  SCV  
  59  4:37  Marine x2  
  62  4:43  SCV, Siege Tank  
  66  4:47  SCV  
  66  4:51  Command Center  
  67  4:55  SCV  
  67  4:57  Supply Depot  
  67  4:59  SCV  
  69  5:00  Refinery  
  69  5:01  Refinery  
  69  5:07  SCV  
  70  5:14  SCV  
  70  5:17  Marine x2  
  70  5:18  Siege Tank  
  70  5:19  SCV  
  66  5:25  Terran Vehicle And Ship Armor Level 1  
  66  5:27  SCV  
  62  5:32  SCV  
  63  5:37  Factory  
  63  5:39  SCV  
  63  5:42  Supply Depot  
  64  5:44  SCV  
  64  5:45  Factory  
  65  5:51  SCV  
  65  5:56  SCV  
  67  5:57  Command Center  
  67  5:59  Hellion x2  
  67  6:03  SCV  
  67  6:04  Orbital Command  
  72  6:06  Supply Depot  
  72  6:08  SCV  
  73  6:15  SCV  
  74  6:20  SCV  
  74  6:21  Hellion x2  
  74  6:25  Factory  
  79  6:27  SCV  
  79  6:28  Cyclone  
  79  6:29  Factory  
  79  6:30  Orbital Command  
  79  6:32  SCV  
  84  6:37  Factory Tech Lab  
  84  6:39  SCV  
  85  6:42  Supply Depot  
  85  6:43  Refinery  
  85  6:44  SCV  
  86  6:47  Refinery  
  86  6:51  SCV  
  86  6:53  Engineering Bay  
  87  6:56  SCV x2  
  87  6:58  Cyclone  
  87  6:59  Mag-Field Accelerator  
  87  7:00  Hellion x4, Cyclone  
  95  7:03  SCV  
  99  7:08  SCV x2, Hellion  
  99  7:09  Factory Reactor  
  99  7:12  SCV  
  99  7:13  Factory Tech Lab  
  101  7:15  SCV  
  101  7:19  Supply Depot  
  101  7:20  SCV x2  
  101  7:21  Supply Depot  
  104  7:28  SCV  
  104  7:29  Supply Depot  
  105  7:30  Starport Reactor, Cyclone  
  105  7:31  Infernal Pre-Igniter  
  105  7:32  SCV, Cyclone  
  105  7:33  Cyclone  
  115  7:38  Supply Depot  
  115  7:44  SCV x3  
  117  7:47  Hellion  
  120  7:53  Hellion x2  
  120  7:54  Refinery  
  120  7:58  Terran Vehicle And Ship Armor Level 2  
  124  7:59  Refinery  
  124  8:00  Planetary Fortress  
  124  8:02  SCV x2, Cyclone  
  124  8:03  SCV  
  124  8:04  Cyclone  
  133  8:06  Hellion x2  
  137  8:15  Supply Depot  
  137  8:22  Hellion x2  
  141  8:27  Cyclone  
  141  8:29  Starport, Liberator  
  141  8:30  Starport  
  141  8:31  Liberator  
  141  8:33  SCV  
  145  8:35  Cyclone  
  145  8:36  Fusion Core  
  145  8:37  Supply Depot  
  145  8:38  Hellion  
  145  8:39  Hellion x2  
  154  8:46  Supply Depot x2  
  154  8:48  Supply Depot  
  160  9:02  Sensor Tower, Command Center  
  160  9:07  Hellion  
  160  9:08  Starport Reactor, Starport Tech Lab  
  162  9:10  Liberator  
  162  9:12  Liberator  
  162  9:14  Liberator  
  161  9:24  Command Center  
  161  9:26  Advanced Ballistics  
  161  9:31  Liberator  
  166  9:33  Liberator  
  169  9:43  Cyclone x3  
  169  9:44  Hellion x2  
  169  9:45  Hellion  
  190  9:54  Liberator  
  190  9:55  Liberator  
  191  10:14  Hellion x4  
  191  10:15  Cyclone  
  191  10:17  Command Center  
  198  10:24  Missile Turret  
  198  10:25  Terran Vehicle Weapons Level 1  
  198  10:27  Armory  
  198  10:30  Hellion  
  194  10:39  Liberator x2  
  194  10:41  Orbital Command  
  194  10:47  Cyclone x2  
  196  10:56  Cyclone  
  194  10:57  Hellion x2  
  194  10:59  Hellion x2  
  200  11:05  Planetary Fortress  
  198  11:14  Refinery  
  198  11:15  Refinery  
  198  11:16  Command Center  
  191  11:18  Hellion, Liberator  
  191  11:19  Hellion, Cyclone x2, Liberator  
  198  11:32  Hellion x2, Cyclone  
  200  11:40  Hellion  
  200  11:42  Viking x2  
  200  11:43  Viking  
  186  11:51  Hellion, Cyclone  
  186  11:54  Hellion x3  
  187  11:55  Liberator  
  187  11:56  Liberator  
  178  12:01  Liberator x2  
  178  12:04  Hellion, Cyclone  
  180  12:12  Viking  
  180  12:13  Cyclone  
  180  12:15  Hellion x3  
  188  12:20  SCV x2  
  196  12:23  Hellion  
  196  12:25  Hellion  
  200  12:38  Cyclone, Liberator x2  
  200  12:39  Liberator  
  194  12:44  Cyclone  
  194  12:48  Cyclone  
  198  12:52  Hellion  
  198  12:54  Hellion x2  
  198  12:58  Hellion, Liberator  
  189  13:10  Cyclone  
  185  13:13  Hellion  
  185  13:16  Hellion x2, Cyclone  
  185  13:19  Hellion  
  186  13:20  Cyclone  
  173  13:34  Hellion  
  173  13:36  Orbital Command  
  173  13:37  Hellion x2  
  173  13:41  Hellion  
Show
View Real Time Build Order
Export as new Build Order

Serral Zerg 

Build Orders: Pool First 

Get SALT Encoding   

  12  0:00  Drone  
  13  0:12  Overlord  
  13  0:18  Drone  
  14  0:31  Drone x2  
  14  0:34  Drone  
  17  0:45  Drone  
  17  0:46  Extractor  
  17  0:51  Spawning Pool  
  17  0:56  Drone  
  17  1:07  Drone  
  18  1:20  Hatchery  
  18  1:23  Drone  
  18  1:37  Queen  
  18  1:39  Zergling x2  
  21  1:45  Metabolic Boost  
  21  1:53  Overlord  
  21  1:56  Zergling x2  
  22  2:11  Drone  
  22  2:12  Drone  
  22  2:13  Queen  
  26  2:22  Drone  
  27  2:33  Drone x2  
  27  2:35  Queen  
  31  2:43  Drone x2  
  33  2:46  Drone x2  
  33  2:47  Drone  
  36  2:53  Overlord  
  36  3:10  Hatchery  
  35  3:14  Queen  
  35  3:18  Zergling x4  
  40  3:20  Zergling x2  
  40  3:22  Drone  
  40  3:26  Overlord  
  41  3:28  Drone  
  41  3:30  Drone  
  41  3:32  Drone  
  44  3:42  Overlord  
  44  3:48  Drone x4  
  46  3:49  Overlord, Drone  
  46  3:53  Drone x2  
  51  4:01  Drone x3  
  53  4:06  Overlord  
  53  4:10  Baneling Nest  
  53  4:12  Queen  
  54  4:17  Zergling x6  
  57  4:24  Spore Crawler, Queen  
  57  4:26  Zergling x2  
  57  4:29  Drone x2  
  57  4:31  Drone  
  62  4:35  Lair  
  62  4:37  Drone  
  63  4:40  Zergling x2  
  63  4:42  Spore Crawler, Drone  
  63  4:43  Drone  
  65  4:46  Drone  
  65  4:50  Drone x3  
  69  4:54  Extractor, Zergling x2  
  69  4:57  Baneling x3, Drone x2  
  71  5:01  Drone x2  
  71  5:02  Drone  
  68  5:16  Drone x7  
  68  5:18  Drone  
  68  5:23  Drone  
  68  5:24  Drone x2  
  71  5:29  Drone x2  
  71  5:31  Drone  
  74  5:39  Extractor  
  74  5:40  Extractor x2, Drone x2  
  74  5:41  Drone  
  74  5:48  Centrifical Hooks  
  74  5:53  Evolution Chamber x2  
  74  5:54  Overlord  
  74  5:56  Overlord  
  72  5:59  Drone x2  
  72  6:01  Overlord  
  74  6:07  Hatchery  
  73  6:14  Drone x10  
  73  6:16  Drone  
  83  6:22  Zerg Melee Weapons Level 1  
  83  6:25  Zerg Ground Armor Level 1  
  83  6:32  Overseer  
  83  6:33  Zergling x10  
  83  6:37  Zergling x6  
  91  6:40  Overlord  
  91  6:43  Zergling x6  
  93  6:54  Hydralisk Den  
  91  7:02  Drone  
  91  7:03  Drone x5  
  91  7:04  Infestation Pit  
  96  7:08  Drone x2  
  96  7:10  Extractor  
  96  7:13  Drone x6  
  102  7:19  Queen  
  102  7:21  Baneling x4  
  104  7:24  Muscular Augments  
  104  7:28  Overlord  
  104  7:29  Drone x4  
  108  7:32  Drone x3  
  108  7:36  Hydralisk  
  108  7:37  Hydralisk  
  108  7:39  Overlord x3  
  112  7:48  Overlord x2  
  112  7:50  Hive  
  112  7:53  Extractor  
  112  7:57  Overlord, Extractor  
  110  7:58  Drone x2  
  110  7:59  Drone x4  
  110  8:00  Drone  
  110  8:01  Hydralisk x2  
  110  8:05  Hydralisk x2  
  121  8:09  Hydralisk x2  
  129  8:14  Pneumatized Carapace  
  129  8:18  Drone  
  129  8:19  Spire  
  129  8:23  Hydralisk x4  
  129  8:26  Zerg Missile Weapons Level 1  
  137  8:27  Zerg Melee Weapons Level 2  
  137  8:35  Grooved Spines, Hatchery  
  137  8:37  Drone x2  
  137  8:42  Overlord  
  137  8:43  Overseer  
  137  8:44  Overlord  
  137  8:51  Hydralisk x4  
  137  8:52  Hydralisk  
  147  8:59  Drone  
  147  9:02  Spore Crawler  
  147  9:06  Baneling x7  
  147  9:07  Hydralisk x4, Baneling x6  
  155  9:15  Viper  
  158  9:19  Overlord x4  
  158  9:20  Overlord x2  
  158  9:28  Viper  
  161  9:35  Extractor  
  161  9:37  Viper  
  163  9:39  Drone x3  
  163  9:40  Extractor, Drone x3  
  163  9:44  Viper  
  170  9:46  Zergling x12  
  170  9:47  Spore Crawler, Zergling x2  
  170  9:50  Greater Spire  
  170  9:51  Drone  
  177  9:53  Hydralisk  
  177  9:58  Hydralisk  
  177  9:59  Hydralisk x2  
  185  10:04  Hydralisk x2  
  185  10:11  Drone x4  
  185  10:16  Overlord  
  185  10:17  Overlord, Overseer  
  185  10:21  Spine Crawler  
  184  10:22  Drone x3  
  184  10:23  Hatchery  
  184  10:25  Zergling x18, Spine Crawler  
  190  10:37  Corruptor x4  
  190  10:41  Spine Crawler  
  194  10:43  Spine Crawler  
  194  10:44  Drone  
  194  10:45  Drone  
  194  10:49  Baneling x4  
  191  10:55  Corruptor x3  
  186  11:00  Baneling x7  
  184  11:05  Hydralisk x4  
  192  11:14  Brood Lord x3  
  189  11:18  Brood Lord  
  189  11:21  Viper  
  194  11:29  Brood Lord  
  195  11:35  Brood Lord  
  195  11:36  Brood Lord  
  190  11:43  Hydralisk x3  
  190  11:44  Zergling x18  
  174  11:56  Hydralisk  
  174  11:57  Hydralisk x6  
  173  12:13  Hydralisk x8  
  179  12:24  Baneling x10, Zergling x2  
  179  12:25  Zergling x10  
  173  12:41  Hydralisk x7  
  182  12:47  Hatchery  
  168  12:55  Zergling x14  
  152  13:08  Hydralisk x9  
  167  13:15  Hydralisk  
  167  13:16  Hydralisk x2  
  154  13:21  Hydralisk  
  154  13:22  Hydralisk  
  150  13:32  Hydralisk  
  150  13:33  Hydralisk x3  
  140  13:37  Hydralisk x2  
Tags
 
Add a new tag
Caveats
  • Supply blocks, unpowered buildings, or Contaminate may cause inaccurate times.
  • Supply counts are checked every 10 seconds.